 Dungeon Crawl Stone Soup version 0.31.0-32-g396128a36d (console) character file.

Game seed: 9182703626029759631

65 utis the Poker (level 3, -1/29 HPs)
             Began as a Demigod Gladiator on Mar 29, 2024.
             Slain by Terence
             ... wielding a +0 short sword
              (4 damage)
             ... on level 2 of the Dungeon.
             The game lasted 00:03:17 (1225 turns).

utis the Poker (Demigod Gladiator)                  Turns: 1225, Time: 00:03:18

Health: -1/29      AC:  4    Str: 19    XL:     3   Next: 67%
Magic:  5/5        EV: 12    Int: 10    God:
Gold:   152        SH:  0    Dex: 15    Spells: 2/2 levels left

rFire   . . .        a - +0 trident
rCold   . . .        (no shield)
rNeg    . . .        b - +0 leather armour
rPois   .            c - +0 helmet
rElec   .            (no cloak)
rCorr   .            (no gloves)
SInv    .            (no boots)
Will    .....        (no amulet)
Stlth   +            (no ring)
HPRegen 0.24/turn    (no ring)
MPRegen 0.09/turn

%: no passive effects
@: no status effects
A: high MP 1, forlorn, divine attributes
a: no special abilities


You were on level 2 of the Dungeon.
You visited 1 branch of the dungeon, and saw 2 of its levels.

You collected 152 gold pieces.

Inventory:

Hand Weapons
 a - a +0 trident (weapon)
Missiles
 d - 3 throwing nets (quivered)
 e - a javelin
 j - 6 poisoned darts
 k - 6 stones
Armour
 b - a +0 leather armour (worn)
 c - a +0 helmet (worn)
Scrolls
 f - a scroll of identify {unknown}
 h - 2 scrolls of teleportation {unknown}
 m - a scroll of poison {unknown}
Potions
 g - a potion of invisibility {unknown}
 i - a potion of degeneration {unknown}
 l - a potion of haste {unknown}


   Skills:
 - Level 1.7 Fighting
 + Level 4.4 Polearms
 - Level 1.7 Throwing
 - Level 2.6 Dodging


You had 2 spell levels left.
You didn't know any spells.
Your spell library contained the following spells:

 Spells                   Type           Power      Damage    Failure   Level
 Alistair's Intoxication  Alch           0%         N/A       100%        5
 Borgnjor's Vile Clutch   Necr/Erth      0%         N/A       100%        5
 Eringya's Noxious Bog    Alch           0%         4d6       100%        6


Dungeon Overview and Level Annotations

Branches:
Dungeon (2/15)

Annotations:
D:2 Terence


Innate Abilities, Weirdness & Mutations

You have an increased reservoir of magic. (+10% MP)
You shall have no god before yourself.
Your divine heritage dramatically boosts your attributes as you level up.


Message History

Terence is lightly wounded.
Terence hits you with a +0 short sword. Terence barely misses you.
You hit Terence.
Terence is moderately wounded.
Terence hits you but does no damage.
You hit Terence.
Terence is heavily wounded.
Terence completely misses you.
You hit Terence but do no damage.
Terence is heavily wounded.
Terence hits you with a +0 short sword.
* * * LOW HITPOINT WARNING * * *
You are too injured to fight recklessly!
You are too injured to fight recklessly!
You are too injured to fight recklessly!
You barely miss Terence.
Terence is heavily wounded.
Terence closely misses you.
You hit Terence.
Terence is heavily wounded.
Terence hits you with a +0 short sword.
* * * LOW HITPOINT WARNING * * *
You hit Terence.
Terence is severely wounded.
Terence hits you with a +0 short sword!
* * * LOW HITPOINT WARNING * * *
You hit Terence but do no damage.
Terence is severely wounded.
Terence barely misses you.
You hit Terence but do no damage.
Terence is severely wounded.
Terence closely misses you.
You hit Terence but do no damage. Your punch misses Terence.
Terence is severely wounded.
Terence barely misses you.
You hit Terence.
Terence is severely wounded.
Terence hits you with a +0 short sword.
You die...
Terence says, "That felt goooood."

░░░░░ ░...░ ░...░ ░...░
...░░░░░░░...░░░░░
.................. ░......░
░░░.░░@..░ ░...░░p..░
.....@░░░░...░░░░░░░░
..............).....░ ░░░
....................░ ░..
.....░░░░...........░ ░.. ......
░...........░░░░░.. ░░░░........
░░░░░.............. ......
░..░░░░...░............. ......
.....░..................
......░....................░░░░..
...........................░ ░..


You could see Terence.

Vanquished Creatures
  3 gnolls (D:2)
  A ribbon worm (D:2)
  2 dart slugs (D:1)
  7 endoplasms
  5 giant cockroaches (D:1)
  A goblin (D:1)
  A hobgoblin (D:2)
  A frilled lizard (D:2)
  3 kobolds
  5 rats
29 creatures vanquished.

Notes
Turn   | Place    | Note
-------+----------+-------------------------------------------
     0 | D:1      | utis the Demigod Gladiator began the quest for the Orb.
     0 | D:1      | Reached XP level 1. HP: 17/17 MP: 3/3
   168 | D:1      | Reached skill level 3 in Polearms
   389 | D:1      | Reached XP level 2. HP: 24/24 MP: 4/4
   965 | D:2      | Reached skill level 4 in Polearms
   965 | D:2      | Reached XP level 3. HP: 28/29 MP: 5/5
  1200 | D:2      | Noticed Terence
  1225 | D:2      | Slain by Terence

Illustrated notes

Levels and vault maps discovered:
D:1:      sevenhm_arrival_forest_fort_large_4, layout_basic
D:2:      layout_rooms, basic_altar, chequers_ecumenical_altar_grove,
          uniq_terence

Skill      XL: |  1  2 |
---------------+-------+-----
Polearms       | 3 4 |  4.4
Fighting       | |  1.7
Throwing       | |  1.7
Dodging        | |  2.6

Action                     || total
---------------------------++-------
  Melee: Trident           ||    84
         Punch             ||     1
   Stab: Sleeping          ||     2
         Distracted        ||     1
 Armour: Leather armour    ||    21
  Dodge: Dodged            ||    26
